 Dungeon Crawl Stone Soup version 0.28-a0-984-g3775c662fe (webtiles) character file.

Game seed: 4112588800629360305

186 bearlyready the Spear-Bearer (level 5, -1/91 HPs)
             Began as a Merfolk Fighter on Dec 3, 2021.
             Was an Initiate of Hepliaklqana.
             Slain by a water moccasin (3 damage)
             ... on level 6 of the Dungeon.
             The game lasted 00:04:39 (3409 turns).

bearlyready the Spear-Bearer (Merfolk Fighter)      Turns: 3409, Time: 00:04:40

Health: -1/91      AC: 22    Str: 31    XL:     5   Next: 66%
Magic:  5/5        EV:  2    Int:  7    God:    Hepliaklqana [......]
Gold:   136        SH:  4    Dex: 13    Spells: 4/4 levels left

rFire   . . .      SeeInvis .   o - +2 demon trident (flame)
rCold   . . .      Faith    .   c - +0 buckler
rNeg    . . .      Spirit   .   (armour currently unavailable)
rPois   +          Reflect  .   (helmet currently unavailable)
rElec   .          Harm     .   (cloak currently unavailable)
rCorr   .          Rampage  .   (gloves currently unavailable)
Will    .....      NoTele   +   (boots currently unavailable)
Stlth   ..........              (no amulet)
HPRegen 0.25/turn               i - +6 ring of strength
MPRegen 0.09/turn               u - +6 ring of strength

@: berserking, lethally poisoned (-1 -> -4), tree-form, attractive, hasted, very
quick
A: stationary, stasis, torment immunity, boosted hp, (nimble swimmer 2),
(mertail)
a: Renounce Religion


You were on level 6 of the Dungeon.
You worshipped Hepliaklqana.
Hepliaklqana was noncommittal.
You were a tree.
You visited 2 branches of the dungeon, and saw 7 of its levels.

You collected 136 gold pieces.

Inventory:

Hand Weapons
 a - a +0 trident
 e - a +0 hunting sling
 o - a +2 demon trident of flaming (weapon)
Missiles
 f - 62 stones (quivered)
 g - 11 poisoned darts
 k - 13 sling bullets
 v - 4 boomerangs
Armour
 b - a +0 scale mail (melded)
 c - a +0 buckler (worn)
 q - a +0 helmet (melded)
Jewellery
 i - a +6 ring of strength (left branch)
 s - a ring of resist corrosion
 u - a +6 ring of strength (right branch)
Scrolls
 l - 2 scrolls of amnesia
 t - a scroll of identify
 w - a scroll of teleportation
 y - 2 scrolls of vulnerability {unknown}
Potions
 d - a potion of might
 j - 2 potions of mutation
 x - a potion of degeneration {unknown}


   Skills:
 - Level 3.2 Fighting
 + Level 8.3 Polearms
 - Level 2.1 Armour
 - Level 3.0 Shields


You had 4 spell levels left.
You didn't know any spells.
Your spell library contained the following spells:

 Spells                   Type           Power      Damage    Failure   Level
 Magic Dart               Conj           0%         1d3       45%         1
 Slow                     Hex            0%         N/A       45%         1
 Summon Small Mammal      Summ           0%         N/A       45%         1
 Call Imp                 Summ           0%         N/A       61%         2
 Call Canine Familiar     Summ           0%         N/A       83%         3
 Confusing Touch          Hex            0%         N/A       83%         3
 Mephitic Cloud           Conj/Pois/Air  0%         N/A       83%         3
 Summon Guardian Golem    Hex/Summ       0%         N/A       83%         3
 Vampiric Draining        Necr           0%         2d6       83%         3


Dungeon Overview and Level Annotations

Branches:
Dungeon (6/15)             Temple (1/1) D:5

Altars:
Ashenzari
Cheibriados
Dithmenos
Gozag
Hepliaklqana
Kikubaaqudgha
Okawaru
Qazlal
Ru
Uskayaw
Vehumet
Wu Jian
Xom
Yredelemnul
Zin

Shops:
D:2 [(=


Innate Abilities, Weirdness & Mutations

You are a tree.
Your roots penetrate the ground, keeping you stationary.
You cannot be teleported.
You are immune to unholy pain and torment.
Your maximum health is greatly increased.
Your equipment is partially melded.
((You are quick and stealthy near water. (Stealth+, EV+, Speed+++)))
((Your lower body shifts to a powerful aquatic tail in water.))


Message History

Reactivating autopickup.
You feel sick.
The water moccasin hisses angrily.
There is a stone staircase leading up here.
Okay, then.
It was a potion of attraction.
You feel attractive to monsters.
You feel sick. The orc hits you but does no damage.
You are lethally poisoned!
The water moccasin is attracted toward you.
It was a potion of lignification.
You turn into a tree.
Your +0 helmet melds into your body.
Your +0 scale mail melds into your body.
Your roots penetrate the ground.
* * * LOW HITPOINT WARNING * * *
You feel sick.
The water moccasin bites you but does no damage.
The orc hits you but does no damage.
It was a potion of haste.
You feel yourself speed up.
* * * LOW HITPOINT WARNING * * *
You feel sick. You block the water moccasin's attack.
The orc hits you but does no damage.
The water moccasin completely misses you.
It was a potion of berserk rage.
A red film seems to cover your vision as you go berserk!
You feel yourself moving faster!
You feel mighty!
* * * LOW HITPOINT WARNING * * *
You feel sick.
The water moccasin bites you but does no damage.
The orc hits you but does no damage.
You barely miss the orc.
* * * LOW HITPOINT WARNING * * *
You feel sick.
You closely miss the orc. You block the water moccasin's attack.
The orc hits you but does no damage.
You impale the orc!! You burn the orc.
You kill the orc!
* * * LOW HITPOINT WARNING * * *
You feel sick. The water moccasin bites you.
You die...

#### ...#
... ###.#
#.♣.#
#)S.......
.......#.##
####..##.#
#... ..
#.### ##
#.# ...


You could see a water moccasin.

Vanquished Creatures
  A centaur skeleton (D:5)
  Terence (D:3)
  4 gnolls
  2 adders (D:2)
  2 worms
  3 dart slugs
  An orc (D:6)
  13 endoplasms
  2 giant cockroaches (D:3)
  2 goblins
  6 hobgoblins
  3 quokkas
  3 ball pythons
  4 bats
  6 frilled lizards
  7 kobolds
  7 rats
67 creatures vanquished.

Notes
Turn   | Place    | Note
-------+----------+-------------------------------------------
     0 | D:1      | bearlyready the Merfolk Fighter began the quest for the
                  | Orb.
     0 | D:1      | Reached XP level 1. HP: 18/18 MP: 1/1
   275 | D:1      | Reached skill level 4 in Polearms
   275 | D:1      | Reached XP level 2. HP: 24/24 MP: 2/2
   645 | D:1      | Reached skill level 5 in Polearms
   645 | D:1      | Reached XP level 3. HP: 29/29 MP: 3/3
   655 | D:1      | Found a faded altar of an unknown god.
   788 | D:2      | Found Liumej's Antique Armour Boutique.
   903 | D:2      | Found Soucvus's Weapon Shoppe.
  1507 | D:1      | Reached skill level 6 in Polearms
  1507 | D:1      | Reached XP level 4. HP: 23/35 MP: 4/4
  1724 | D:2      | Found Yskur's Jewellery Shoppe.
  1932 | D:2      | Identified a scroll of acquirement
  1949 | D:2      | Reached skill level 7 in Polearms
  1951 | D:2      | Acquired a +2 demon trident of flaming
  2598 | D:3      | Reached XP level 5. HP: 32/41 MP: 5/5
  2863 | D:3      | Noticed Terence
  2869 | D:3      | Killed Terence
  2934 | D:3      | Found an ornate altar of the Wu Jian Council.
  3094 | D:4      | You fall into a shaft and drop 1 floor!
  3094 | D:5      | Entered Level 5 of the Dungeon
  3240 | D:5      | Found a staircase to the Ecumenical Temple.
  3251 | D:5      | Reached skill level 8 in Polearms
  3257 | Temple   | Entered the Ecumenical Temple
  3342 | Temple   | Became a worshipper of Hepliaklqana the Forgotten
  3393 | D:5      | HP: 2/41 [orc priest/divine providence (10)]
  3402 | D:6      | Noticed a water moccasin
  3404 | D:6      | HP: 3/61 [poisoned by an orc]
  3409 | D:6      | HP: 2/91 [poisoned by an orc]
  3409 | D:6      | Slain by a water moccasin

Illustrated notes

Levels and vault maps discovered:
D:1:      lightli_arrival_chessboard, layout_loops_ring,
          hellmonk_ecumenical_altar_prayer_group
D:2:      layout_loops_ring, serial_shops, nicolae_shop_behind_doors,
          nicolae_shop_stone, nicolae_square_shop, minmay_joined_circles
D:3:      layout_basic, pdpol_wu_jian_five_deadly_venoms, uniq_terence
D:4:      layout_gridville, mainiacjoe_overflow_tiny_flanked,
          nicolae_concentric_dashed_squares_mild, minmay_crystal_water,
          corexii_shack, uniq_grinder, uniq_blork_the_orc
D:5:      layout_loops_ring, marbit_many_paths, minmay_temple_entry_slanted,
          chequers_decorated_corner
D:6:      layout_loops_corners, serial_shops, shop
Temple:   nicolae_temple_great_sept

Skill      XL: |  1  2  3  4  5 |
---------------+----------------+-----
Polearms       | 4 5 6 7 8 |  8.3
Fighting       | |  3.2
Armour         | |  2.1
Shields        | |  3.0

Action                   |  1- 3 |  4- 6 || total
-------------------------+-------+-------++-------
Melee: Trident           |    75 |    57 ||   132
       Demon trident     |       |    54 ||    54
  Use: Scroll            |       |     5 ||     5
       Potion            |       |     6 ||     6
Armor: Scale mail        |    17 |    15 ||    32
       Skin              |       |     6 ||     6
Dodge: Dodged            |    20 |    31 ||    51
Block: Buckler           |    12 |    15 ||    27

Table legend: (Time is in decaauts)
 A = Elapsed time spent in this place.
 B = Non-inter-level travel time spent in this place.
 C = Inter-level travel time spent in this place.
 D = Time resting spent in this place.
 E = Time spent auto-exploring this place.
 F = Levels seen in this place.
 G = Mean time per level.
                   A        B        C        D        E       F      G
               +--------+--------+--------+--------+--------+-----+--------+
         Total |   3412 |   3346 |     66 |    454 |   2251 |   7 |  487.4 |
       Dungeon |   3316 |   3265 |     51 |    454 |   2188 |   6 |  552.7 |
        Temple |     95 |     80 |     15 |      0 |     63 |   1 |   95.0 |
               +--------+--------+--------+--------+--------+-----+--------+

Top non-repeatable levels by time:
     D:1: 1158 daAuts
     D:2: 1145 daAuts
     D:3: 785 daAuts
     D:5: 211 daAuts
  Temple: 95 daAuts
     D:4: 9 daAuts
     D:6: 5 daAuts
